 Dungeon Crawl Stone Soup version 0.31-a0-217-g58bb5d79cf (webtiles) character file.

Game seed: 11081103742147523687

144 qw the Shooter (level 5, -2/45 HPs)
             Began as a Minotaur Hexslinger on July 2, 2023.
             Was an Initiate of Okawaru.
             Slain by an iguana (9 damage)
             ... on level 3 of the Dungeon.
             The game lasted 00:01:02 (2535 turns).

qw the Shooter (Minotaur Hexslinger)                Turns: 2535, Time: 00:01:03

Health: -2/45      AC:  7    Str: 18    XL:     5   Next: 5%
Magic:  5/5        EV: 11    Int: 10    God:    Okawaru [......]
Gold:   1236       SH:  0    Dex: 15    Spells: 5/6 levels left

rFire   . . .        Y - +1 sling
rCold   . . .        (no shield)
rNeg    . . .        c - +0 ring mail {rPois}
rPois   +            (helmet restricted)
rElec   .            (no cloak)
rCorr   .            (no gloves)
SInv    .            (no boots)
Will    .....        (no amulet)
Stlth   +            b - +6 ring of strength
HPRegen 0.27/turn    (no ring)
MPRegen 0.09/turn

%: no passive effects
@: about to teleport
A: horns 2, retaliatory headbutt, fangs 1, iridescent scales 1, wild magic 1
a: Renounce Religion


You were on level 3 of the Dungeon.
You worshipped Okawaru.
Okawaru was noncommittal.
You visited 1 branch of the dungeon, and saw 4 of its levels.

You collected 1340 gold pieces.
You spent 104 gold pieces at shops.


Innate Abilities, Weirdness & Mutations

You have a pair of horns on your head.
You reflexively headbutt those who attack you in melee.
You have very sharp teeth.
You are partially covered in iridescent scales. (AC +2)
Your spells are a little harder to cast, but a little more powerful.


   Skills:
 - Level 3.0 Fighting
 - Level 5.1 Ranged Weapons
 + Level 0.1 Armour
 - Level 2.1 Dodging
 - Level 1.0 Spellcasting
 - Level 2.0 Hexes


You had 5 spell levels left.
You knew the following spells:

 Your Spells              Type           Power      Damage    Failure   Level
a - Slow                  Hex            20%        N/A       34%         1

Your spell library contained the following spells:

 Spells                   Type           Power      Damage    Failure   Level
 Inner Flame              Hex/Fire       3%         N/A       83%         3
 Portal Projectile        Hex/Tloc       6%         N/A       83%         3
 Cause Fear               Hex            2%         N/A       97%         4

Inventory:

Hand Weapons
 Y - a +1 sling (weapon)
Armour
 c - a +0 ring mail of poison resistance (worn)
Jewellery
 b - a +6 ring of strength (left hand)
 i - a ring of ice
Scrolls
 d - a scroll of identify
Potions
 a - a potion of haste
 e - a potion of mutation
 g - a potion of cancellation
 h - a potion of curing
 j - a potion of enlightenment
 o - a potion of heal wounds {unknown}
 p - a potion of resistance {unknown}

Dungeon Overview and Level Annotations

Branches:
Dungeon (4/15)
 Temple: D:4-7

Altars:
Hepliaklqana
Nemelex Xobeh
Okawaru
Ru

Shops:
D:2 [

Annotations:
D:1 1 transporter


Message History

You shoot a sling bullet.
The sling bullet hits the iguana but does no damage.
The iguana is lightly wounded.
You shoot a sling bullet.
The sling bullet barely misses the iguana.
You shoot a sling bullet.
The sling bullet closely misses the iguana.
The iguana bites you!
2529 ||| STAIRDANCE The iguana bites you!
You climb upwards.
There is a stone staircase leading down here.
Enter note:
Enter note:
Enter note:
Enter note:
Enter note:
Enter note:
Enter note:
Enter note:
Enter note: You shoot a sling bullet.
The sling bullet hits the iguana but does no damage.
The iguana is lightly wounded.
The iguana bites you! The iguana bites you.
You shoot a sling bullet.
The sling bullet closely misses the iguana.
The iguana barely misses you.
You shoot a sling bullet.
The sling bullet hits the iguana but does no damage.
The iguana is lightly wounded.
The iguana bites you!
2534 ||| READING scroll of teleportation.
As you read the scroll of teleportation, it crumbles to dust.
You feel strangely unstable. The iguana barely misses you.
You furiously retaliate!
You headbutt the iguana. You shoot a sling bullet.
The sling bullet hits the iguana.
The iguana is heavily wounded.
The iguana bites you!
You die...

##.# #.# #.#### #..# #.# #.# #(#
#..# #.# #.# #.# #######..# #.#
#.# #.# #........# #.# #.# #.#
#.#####.## #.#######.#####.##
#.# ##.# #.##.............###.#
#..# #....................# #..#
####.#########l@.##### #..####
#.# #<......# #.....# #.#
#.###.#.# #.###.# #.# #.# #.#.#
#.# #.# #.#####.###.#.# #.# #.#
#####.............# ##<###.#
.............##.### ##.#.##.#
###########..##.########.###.#.#
#..##%........## ##..#


You could see an iguana.

Vanquished Creatures
  A hound (D:3)
  A gnoll (D:3)
  4 adders
  An ufetubus (D:4)
  2 dart slugs
  2 orcs (D:3)
  5 ball pythons
  4 bats
  5 endoplasms
  A giant cockroach (D:1)
  8 goblins
  4 hobgoblins
  2 quokkas (D:3)
  3 frilled lizards
  6 kobolds
  8 rats
57 creatures vanquished.

Notes
Turn   | Place    | Note
-------+----------+-------------------------------------------
     0 | D:1      | qw the Minotaur Hexslinger began the quest for the Orb.
     0 | D:1      | Reached XP level 1. HP: 16/16 MP: 1/1
     0 | D:1      | 0 ||| qw: Version: 0.3-a-40-ge99b1a8
     0 | D:1      | 0 ||| qw: Game counter: 224
     0 | D:1      | 0 ||| qw: Melee chars always use a shield: true
     0 | D:1      | 0 ||| qw: God list: Okawaru
     0 | D:1      | 0 ||| qw: Allow faded altars: false
     0 | D:1      | 0 ||| qw: Do Orc after clearing Dungeon:15 true
     0 | D:1      | 0 ||| qw: Do second Lair branch before Depths: true
     0 | D:1      | 0 ||| qw: Lair rune preference: random
     0 | D:1      | 0 ||| qw: Goals: Normal
     0 | D:1      | 0 ||| PLANNING D:1-11
   155 | D:1      | Reached skill level 3 in Ranged Weapons
   239 | D:1      | Reached XP level 2. HP: 19/23 MP: 2/2
   662 | D:1      | 662 ||| UPGRADING to +0 leather armour.
   672 | D:1      | 672 ||| DROPPING +0 robe.
   673 | D:1      | 673 ||| READING scroll labelled LOV WIWUTSEIN.
   673 | D:1      | Identified a scroll of acquirement
   673 | D:1      | 673 ||| ACQUIRING 1089 gold pieces
   673 | D:1      | Acquired 1089 gold pieces
   675 | D:1      | 675 ||| READING scroll labelled ANWOMO GITO.
   676 | D:1      | 676 ||| READING scroll labelled JOXEUJ XULURUGH.
   677 | D:1      | 677 ||| DRINKING 2 murky silvery potions.
   678 | D:1      | 678 ||| DROPPING scroll of poison.
   679 | D:1      | 679 ||| DROPPING potion of attraction.
   867 | D:2      | Reached XP level 3. HP: 29/29 MP: 3/3
  1026 | D:2      | Found an iron altar of Okawaru.
  1027 | D:2      | 1027 ||| PLANNING OKAWARU WORSHIP
  1027 | D:2      | 1027 ||| UPGRADING to +0 ring mail.
  1037 | D:2      | 1037 ||| DROPPING +0 leather armour.
  1038 | D:2      | 1038 ||| READING scroll labelled TUZXOV TIAZ.
  1039 | D:2      | 1039 ||| READING scroll labelled RYNILEORRE.
  1041 | D:2      | 1041 ||| FLEEEEING.
  1051 | D:2      | 1051 ||| READING scroll labelled LOSAST FOHENA.
  1052 | D:2      | 1052 ||| DRINKING 2 smoky inky potions.
  1123 | D:2      | Became a worshipper of Warmaster Okawaru
  1124 | D:2      | 1124 ||| PLANNING D:1-11
  1349 | D:2      | Found Neollel's Armour Shoppe.
  1353 | D:2      | 1353 ||| BUYING +0 ring mail of poison resistance (104
                  | gold).
  1353 | D:2      | Bought a +0 ring mail of poison resistance for 104 gold
                  | pieces
  1367 | D:2      | 1367 ||| UPGRADING to +0 ring mail of poison resistance.
  1377 | D:2      | 1377 ||| DROPPING +0 ring mail.
  1378 | D:2      | 1378 ||| UPGRADING to +6 ring of strength.
  1405 | D:3      | Reached skill level 4 in Ranged Weapons
  1410 | D:3      | 1410 ||| Stepping ~*~*~tactically~*~*~ (outnumbered).
  1486 | D:3      | Reached XP level 4. HP: 35/36 MP: 4/4
  1738 | D:3      | Found a hazy altar of Hepliaklqana.
  1775 | D:3      | Reached skill level 5 in Ranged Weapons
  2015 | D:3      | Found a sparkling altar of Nemelex Xobeh.
  2015 | D:3      | Found a sacrificial altar of Ru.
  2018 | D:3      | 2018 ||| READING scroll labelled FARRUA KEITT.
  2149 | D:3      | Reached XP level 5. HP: 44/44 MP: 5/5
  2371 | D:3      | 2371 ||| READING 2 scrolls labelled IDOMYP TANEFEN.
  2372 | D:3      | 2372 ||| READING scroll labelled AGEONA WE FIKO.
  2373 | D:3      | 2373 ||| READING scroll labelled WEBEUTILUC.
  2374 | D:3      | 2374 ||| DRINKING 2 fuming puce potions.
  2375 | D:3      | 2375 ||| DRINKING 2 cyan potions.
  2375 | D:3      | Gained mutation: Your spells are a little harder to cast,
                  | but a little more powerful. [potion of mutation]
  2375 | D:3      | Gained mutation: You have very sharp teeth. [potion of
                  | mutation]
  2375 | D:3      | Gained mutation: You are partially covered in iridescent
                  | scales. (AC +2) [potion of mutation]
  2376 | D:3      | 2376 ||| DRINKING 2 fizzy dark potions.
  2480 | D:3      | 2480 ||| READING 4 scrolls of identify.
  2480 | D:3      | 2480 ||| IDENTIFYING grey potion
  2481 | D:3      | 2481 ||| READING 3 scrolls of identify.
  2481 | D:3      | 2481 ||| IDENTIFYING yellow potion
  2482 | D:3      | 2482 ||| READING 2 scrolls of identify.
  2482 | D:3      | 2482 ||| IDENTIFYING dark potion
  2483 | D:3      | 2483 ||| DROPPING scroll of blinking.
  2484 | D:3      | 2484 ||| DROPPING potion of berserk rage.
  2485 | D:3      | 2485 ||| DROPPING potion of ambrosia.
  2520 | D:4      | Reached skill level 3 in Fighting
  2529 | D:4      | 2529 ||| STAIRDANCE
  2533 | D:3      | HP: 6/45 [iguana (8)]
  2534 | D:3      | 2534 ||| READING scroll of teleportation.
  2535 | D:3      | Slain by an iguana

Levels and vault maps discovered:
D:1:      spicycebolla_arrival_risky_transporter, layout_loops_ring,
          serial_forest, infiniplex_forest_lined_room_,
          infiniplex_forest_straight_3, infiniplex_forest_clump_double,
          infiniplex_forest_lined_ring, infiniplex_forest_corner_1,
          infiniplex_forest_end_1, infiniplex_forest_corner_2,
          infiniplex_forest_clump_medium, infiniplex_forest_clump_diagonal
D:2:      layout_rooms, serial_shops, nicolae_shop_pleasant_corner_grove,
          basic_altar, minmay_misc_feat_secret_circle, hangedman_decor_points,
          kennysheep_cross_room
D:3:      layout_loops_ring, jmf_multi_god_temple,
          mainiacjoe_overflow_concentric_impassable, minmay_joined_circles
D:4:      layout_layer_cave, overflow_temple_1_default,
          minmay_temple_entry_waves, serial_shops, shop,
          mrwooster_statue_mirror, uniq_natasha, uniq_robin

Skill      XL: |  1  2  3  4  5 |
---------------+----------------+-----
Ranged Weapons | 3 4 5 |  5.1
Fighting       | 2 3 |  3.0
Armour         | |  0.1
Dodging        | |  2.1
Spellcasting   | |  1.0
Hexes          | |  2.0

Action                     |  1- 3 |  4- 6 || total
---------------------------+-------+-------++-------
   Fire: Sling             |   112 |    82 ||   194
    Use: Scroll            |     6 |     8 ||    14
         Potion            |     2 |     3 ||     5
 Armour: Robe              |     2 |       ||     2
         Leather armour    |     2 |       ||     2
         Ring mail         |    17 |     6 ||    23
  Dodge: Dodged            |    41 |    21 ||    62

Table legend:
 A = Non-vault XP
 B = Vault XP
 C = Vault XP percentage of total XP
 D = Non-vault monster count
 E = Vault monster count
 F = Vault count percentage of total count
                 A         B        C        D         E       F
            +---------+---------+-------+---------+---------+-------
      Total |     156 |      51 |  24.6 |      44 |      13 |  22.8
            +---------+---------+-------+---------+---------+-------
        D:1 |      16 |       0 |   0.0 |       9 |       0 |   0.0
        D:2 |      40 |       0 |   0.0 |      19 |       0 |   0.0
        D:3 |      90 |      51 |  36.2 |      14 |      13 |  48.1
        D:4 |      10 |       0 |   0.0 |       2 |       0 |   0.0
            +---------+---------+-------+---------+---------+-------
